 Dungeon Crawl Stone Soup version 0.31.0-11-ge490571c62 (webtiles) character file.

Game seed: 10883259000734481462

7 Arvy the Grasshopper (level 1, -2/17 HPs)
             Began as an Armataur Warper on Feb 9, 2024.
             Slain by a ribbon worm (3 damage)
             ... on level 2 of the Dungeon.
             The game lasted 00:03:39 (284 turns).

Arvy the Grasshopper (Armataur Warper)               Turns: 284, Time: 00:03:40

Health: -2/17      AC:  4    Str: 16    XL:     1   Next: 83%
Magic:  3/3        EV:  9    Int: 13    God:
Gold:   10         SH:  0    Dex:  9    Spells: 3/3 levels left

rFire   . . .        a - +0 falchion
rCold   . . .        (no shield)
rNeg    . . .        b - +0 leather armour
rPois   .            (no helmet)
rElec   .            (no cloak)
rCorr   +            (no gloves)
SInv    .            (no barding)
Will    .....        (no amulet)
Stlth   +            l - ring of resist corrosion
HPRegen 0.22/turn    (no ring)
MPRegen 0.74/turn

%: roll
@: no status effects
A: large, deformed body, tough skin 3, armoured tail, roll 1
a: no special abilities


You were on level 2 of the Dungeon.
You visited 1 branch of the dungeon, and saw 2 of its levels.

You collected 10 gold pieces.

Inventory:

Hand Weapons
 a - a +0 falchion (weapon)
Missiles
 d - 7 darts of dispersal (quivered)
 f - 5 atropa-tipped darts
 j - 4 stones
Armour
 b - a +0 leather armour (worn)
 e - a +0 buckler
 g - a +0 ring mail
 k - a +0 scale mail
Jewellery
 l - a ring of resist corrosion (left hand)
Scrolls
 c - a scroll of blinking
 h - a scroll of summoning {unknown}
 i - a scroll of fear {unknown}


   Skills:
 + Level 1.9 Fighting
 + Level 1.9 Long Blades
 + Level 1.0 Throwing
 + Level 1.4 Armour
 - Level 1.3 Dodging
 + Level 0.2 Stealth
 + Level 0.2 Shields
 + Level 1.8 Spellcasting
 + Level 3.0 Translocations


You had 3 spell levels left.
You didn't know any spells.
Your spell library contained the following spells:

 Spells                   Type           Power      Damage    Failure   Level
 Blink                    Tloc           18%        N/A       14%         2
 Lesser Beckoning         Tloc           18%        N/A       14%         2
 Teleport Other           Tloc           9%         N/A       26%         3
 Manifold Assault         Tloc           9%         N/A       65%         4
 Vhi's Electric Charge    Tloc/Air       10%        N/A       86%         4


Dungeon Overview and Level Annotations

Branches:
Dungeon (2/15)

Altars:


Innate Abilities, Weirdness & Mutations

Armour fits poorly on your strangely shaped body.
You have extremely tough skin. (AC +3)
You have a long armoured tail.
You regenerate magic when rolling toward enemies. (Rampage MPRegen)


Message History

A ball python comes into view.
There is an open door here.
You roll towards the ball python!
The ball python bites you.
You closely miss the ball python.
The ball python bites you but does no damage.
You closely miss the ball python. You punch the ball python.
The ball python is severely wounded.
The ball python bites you but does no damage.
The ball python closely misses you.
You barely miss the ball python.
The ball python is severely wounded.
The ball python closely misses you.
You hit the ball python.
You kill the ball python!
You see here a ball python corpse.
Found a faded altar of an unknown god.
A ribbon worm comes into view.
You roll towards the ribbon worm!
You roll towards the ribbon worm!
Found a stone staircase leading down.
You hit the ribbon worm.
The ribbon worm is lightly wounded.
The ribbon worm bites you.
You barely miss the ribbon worm.
Your tail-slap misses the ribbon worm.
The ribbon worm is lightly wounded.
The ribbon worm expels a string of sticky webbing.
The stream of webbing hits you but does no damage.
You are caught in a web!
The web tears apart.
The ribbon worm bites you.
You hit the ribbon worm.
The ribbon worm is lightly wounded.
The ribbon worm bites you!
You hit the ribbon worm.
The ribbon worm is moderately wounded.
The ribbon worm bites you.
* * * LOW HITPOINT WARNING * * *
You aren't carrying any potions.
You hit the ribbon worm.
The ribbon worm is heavily wounded.
The ribbon worm bites you.
You die...

#. ##.....## #.###.
#..######.......###.##..
#..§§§...........##.....
....§§§..........'......
...§§§§......†...####...
..####.#.......## ##..
#.##.....## ####.
#.###...## #....
#@........ #.#..
...>...w####..... #...>
###.###.# ##....# #....
#.. ##...# #..<. #.#
#.#.. ... #.#.. #..
#.... #.# ########
........


You could see a ribbon worm (catching breath).

Vanquished Creatures
  An endoplasm (D:1)
  A goblin (D:1)
  2 ball pythons
  3 bats (D:1)
  A kobold (D:1)
8 creatures vanquished.

Notes
Turn   | Place    | Note
-------+----------+-------------------------------------------
     0 | D:1      | Arvy the Armataur Warper began the quest for the Orb.
     0 | D:1      | Reached XP level 1. HP: 17/17 MP: 3/3
   131 | D:1      | Reached skill level 1 in Throwing
   225 | D:1      | You fall into a shaft and drop 1 floor!
   272 | D:2      | Found a faded altar of an unknown god.
   284 | D:2      | Slain by a ribbon worm

Illustrated notes

Levels and vault maps discovered:
D:1:      matt_arrival_diagonals, layout_rooms, grunt_decor_arrowhead
D:2:      layout_loops_corners, ebering_ecumenical_altar_mist,
          grunt_ministairs_8, uniq_sigmund, uniq_terence

Skill      XL: |  1 |
---------------+----+-----
Throwing       | 1 |  1.0
Fighting       | |  1.9
Long Blades    | |  1.9
Armour         | |  1.4
Dodging        | |  1.3
Stealth        | |  0.2
Shields        | |  0.2
Spellcasting   | |  1.8
Translocations | |  3.0

Action                     || total
---------------------------++-------
  Melee: Falchion          ||    27
         Tailslap          ||     2
         Punch             ||     1
 Armour: Leather armour    ||    25
  Dodge: Dodged            ||    13
